 Dungeon Crawl Stone Soup version 0.23.2-33-g5129a83184 (webtiles) character file.

Game seed: 2986798508516055919

111 H0rd4k the Charlatan (level 5, -2/37 HPs)
             Began as a Human Artificer on Aug 5, 2019.
             Slain by an orc
             ... wielding a +0 short sword
              (7 damage)
             ... on level 2 of the Dungeon.
             The game lasted 00:04:29 (3310 turns).

H0rd4k the Charlatan (Human Artificer)              Turns: 3310, Time: 00:04:30

Health: -2/37      AC:  3    Str: 13    XL:     5   Next: 15%
Magic:  16/16      EV: 12    Int: 11    God:
Gold:   142        SH:  0    Dex: 14    Spells: 4/4 levels left

rFire    . . .     SeeInvis .   a - +0 short sword
rCold    . . .     Gourm    .   (no shield)
rNeg     . . .     Faith    .   b - +0 leather armour
rPois    .         Spirit   .   (no helmet)
rElec    .         Reflect  .   (no cloak)
rCorr    .         Harm     .   (no gloves)
MR       .....                  (no boots)
Stlth    ++........             (no amulet)
HPRegen  0.12/turn              h - ring of magical power
MPRegen  0.15/turn              l - ring of wizardry

@: no status effects
A: no striking features
a: no special abilities


You were on level 2 of the Dungeon.
You were near starving.

You visited 1 branch of the dungeon, and saw 3 of its levels.

You collected 142 gold pieces.

Inventory:

Hand Weapons
 a - a +0 short sword (weapon)
Missiles
 n - 6 javelins (quivered)
Armour
 b - a +0 leather armour (worn)
 j - a cursed +0 helmet
 m - a +2 pair of gloves
Jewellery
 h - a ring of magical power (left hand)
 l - a ring of wizardry (right hand)
Wands
 c - a wand of flame (7)
 d - a wand of enslavement (25)
 e - a wand of random effects (13)
Scrolls
 g - a scroll of remove curse {unknown}
 k - 3 scrolls of fog {unknown}
Potions
 i - a potion of cancellation {unknown}
 o - a potion of haste {unknown}
Comestibles
 f - 3 rations


   Skills:
 + Level 1.5 Fighting
 + Level 2.0 Short Blades
 + Level 1.7 Armour
 + Level 2.7 Dodging
 + Level 1.7 Stealth
 + Level 3.6 Evocations


You had 4 spell levels left.
You didn't know any spells.
Your spell library was empty.

Dungeon Overview and Level Annotations

Branches:
Dungeon (3/15)

Altars:
Vehumet
The Shining One

Annotations:
D:2 exclusion: downstairs
D:3 exclusion: upstairs


Message History

The orc is moderately wounded.
The orc barely misses you.
You closely miss the orc.
The orc is moderately wounded.
The orc hits you with a +0 short sword.
* * * LOW HITPOINT WARNING * * *
You closely miss the orc.
The orc is moderately wounded.
The orc hits you but does no damage.
You barely miss the orc.
The orc is moderately wounded.
The orc closely misses you.
You closely miss the orc.
The orc is moderately wounded.
The orc hits you with a +0 short sword!
* * * LOW HITPOINT WARNING * * *
You closely miss the orc.
The orc is moderately wounded.
The orc hits you with a +0 short sword!
You die...

#.# ######## #.# #......#
#.# #......# ######
##.####......##### #....#
#............'.... #....#
#..####....[.##### #....#
#..##.....########
#....####.o##.###.####....
#....))..@.....).....'....
#....############.####....
##.##.............# #....
#.##.############# #....
#.##.# ##### ######)##.#
######## ####
#......##.####.(....# #...
#.####.##...........# #...
#...........##......# #...


You could see an orc.

Vanquished Creatures
  An orc wizard (D:2)
  2 adders
  An ooze (D:1)
  2 dart slugs
  7 orcs
  3 giant cockroaches
  6 goblins
  7 hobgoblins
  3 jackals (D:1)
  2 kobolds (D:1)
  A quokka (D:2)
  3 ball pythons
  5 bats
  2 frilled lizards (D:1)
  2 rats
47 creatures vanquished.

Vanquished Creatures (collateral kills)
  2 orcs (D:3)
2 creatures vanquished.

Grand Total: 49 creatures vanquished

Notes
Turn   | Place    | Note
-------+----------+-------------------------------------------
     0 | D:1      | H0rd4k the Human Artificer began the quest for the Orb.
     0 | D:1      | Reached XP level 1. HP: 15/15 MP: 3/3
    92 | D:1      | Reached XP level 2. HP: 21/21 MP: 4/4
   365 | D:1      | Reached XP level 3. HP: 18/26 MP: 5/5
  1009 | D:2      | Found a glowing golden altar of the Shining One.
  1149 | D:2      | Found a radiant altar of Vehumet.
  1387 | D:3      | Reached XP level 4. HP: 9/32 MP: 6/6
  2191 | D:2      | Reached skill level 1 in Armour
  2422 | D:3      | Reached XP level 5. HP: 37/37 MP: 7/7
  3310 | D:2      | Slain by an orc

Skill      XL: |  1  2  3  4 |
---------------+-------------+-----
Armour         | 1 |  1.7
Short Blades   | 2 |  2.0
Fighting       | |  1.5
Dodging        | |  2.7
Stealth        | |  1.7
Evocations     | |  3.6

Action                   |  1- 3 |  4- 6 || total
-------------------------+-------+-------++-------
Melee: Short sword       |   150 |   109 ||   259
Evoke: Wand              |     2 |     9 ||    11
  Use: Potion            |       |     2 ||     2
 Stab: Sleeping          |     1 |     3 ||     4
  Eat: Chunk             |     2 |     4 ||     6
Armor: Leather armour    |    48 |    15 ||    63
Dodge: Dodged            |    94 |    62 ||   156
